 Dungeon Crawl Stone Soup version 0.30-a0-964-gd452b5e7fa (webtiles) character file.

Game seed: 15416327056074750332

5716 DeathPants the Reanimator (level 10, -8/53 HPs)
             Began as a Vine Stalker Necromancer on Mar 30, 2023.
             Was an Initiate of Gozag.
             Mangled by Snorg (12 damage)
             ... on level 10 of the Dungeon.
             The game lasted 00:34:18 (9019 turns).

DeathPants the Reanimator (VSNe)                    Turns: 9019, Time: 00:34:19

Health: -8/53      AC:  6    Str: 12    XL:     10   Next: 76%
Magic:  0/29       EV: 14    Int: 15    God:    Gozag
Gold:   1333       SH:  5    Dex: 18    Spells: 9/22 levels left

rFire   . . .      SeeInvis .    a - +9 rapier (speed)
rCold   + . .      Faith    .    (no shield)
rNeg    . . .      Spirit   +    n - +2 robe {rC+}
rPois   .          Reflect  +    (no helmet)
rElec   .          Rampage  .    (no cloak)
rCorr   .                        (no gloves)
Will    +....                    g - +1 pair of boots
Stlth   +++                      c - amulet of reflection
HPRegen 1.08/turn                z - ring of magical power
MPRegen 0.21/turn                H - ring of wizardry

@: mighty
A: fangs 3, regeneration 1, magic shield, antimagic bite, no potion heal 2
a: Renounce Religion, Potion Petition, Call Merchant, Bribe Branch


You were on level 10 of the Dungeon.
You worshipped Gozag.
Gozag was most pleased with you.
You visited 2 branches of the dungeon, and saw 11 of its levels.

You collected 1402 gold pieces.
You paid 69 gold pieces to Gozag.

Inventory:

Hand Weapons
 a - a +9 rapier of speed (weapon)
 b - a +2 dagger of electrocution
Missiles
 d - 43 poisoned darts
 j - 3 throwing nets
 o - 7 boomerangs
 v - 6 silver boomerangs
 G - 2 curare-tipped darts
Armour
 g - a +1 pair of boots (worn)
 n - a +2 robe of cold resistance (worn)
 I - +0 acid dragon scales
Jewellery
 c - an amulet of reflection (around neck)
 e - a ring of resist corrosion
 i - a ring of willpower
 z - a ring of magical power (left hand)
 D - a ring of poison resistance
 H - a ring of wizardry (right hand)
Wands
 s - a wand of polymorph (7)
 y - a wand of mindburst (14)
 B - a wand of iceblast (13)
 C - a wand of flame (30)
Scrolls
 h - 6 scrolls of silence
 k - a scroll of amnesia
 l - 3 scrolls of enchant armour
 w - a scroll of enchant weapon
 A - a scroll of brand weapon
 E - 3 scrolls of identify
Potions
 m - 4 potions of haste
 p - 2 potions of mutation
 q - a potion of attraction
 r - a potion of lignification
 t - 8 potions of curing
 u - a potion of might
 x - a potion of magic
 F - a potion of resistance


   Skills:
 + Level 6.8 Fighting
 * Level 7.4 Short Blades
 - Level 4.5 Dodging
 + Level 3.8 Stealth
 - Level 6.5 Spellcasting
 + Level 0.9 Hexes
 - Level 8.3 Necromancy


You had 9 spell levels left.
You knew the following spells:

 Your Spells              Type           Power      Damage    Failure   Level
a - Necrotise             Necr           100%       1d9       1%          1
b - Vampiric Draining     Necr           30%        2d8       1%          3
c - Anguish               Hex/Necr       9%         N/A       9%          4
d - Agony                 Necr           30%        N/A       4%          5

Your spell library contained the following spells:

 Spells                   Type           Power      Damage    Failure   Level
 Cigotuvi's Dreadful Rot  Necr/Pois/Air  26%        N/A       2%          2
 Apportation              Tloc           8%         N/A       6%          1
 Summon Small Mammal      Summ           16%        N/A       6%          1
 Ensorcelled Hibernation  Hex/Ice        12%        N/A       7%          2
 Poisonous Vapours        Pois/Air       8%         N/A       9%          2
 Dazzling Flash           Conj/Hex       12%        N/A       14%         3
 Hailstorm                Conj/Ice       4%         3d4       16%         3
 Spider Form              Tmut/Pois      4%         N/A       16%         3
 Ice Form                 Ice/Tmut       4%         N/A       45%         4
 Iskenderun's Mystic Bla  Conj/Tloc      4%         2d3       45%         4
 Irradiate                Conj/Tmut      2%         3d12      80%         5
 Starburst                Conj/Fire      2%         6d3       100%        6
 Necromutation            Tmut/Necr      8%         N/A       100%        8
 Animate Dead             Necr           Unusable   N/A       N/A         4
 Simulacrum               Ice/Necr       Unusable   N/A       N/A         6

Dungeon Overview and Level Annotations

Branches:
Dungeon (10/15)            Temple (1/1) D:6            Lair (0/5) D:8
    Orc: D:9-12

Altars:
Ashenzari
Cheibriados
Dithmenos
Elyvilon
Fedhas
Gozag
Hepliaklqana
Kikubaaqudgha
Makhleb
Okawaru
Qazlal
Ru
Sif Muna
Trog
Uskayaw
Vehumet
Wu Jian
Xom
Yredelemnul
Zin
The Shining One

Shops:
D:4 (   D:7 (   D:9 (

Annotations:
D:5 2 runed translucent doors, MachoJfn's ghost, novice HOMo
D:8 1 runed translucent door, MrSquiggles's ghost, novice MiFi
D:9 2 transporters, BlueFish's ghost, novice OpWr
D:10 Snorg


Innate Abilities, Weirdness & Mutations

You have razor-sharp teeth.
Your natural rate of healing is unusually fast.
When hurt, damage is shared between your health and your magic reserves.
Your bite disrupts and absorbs the magic of your enemies.
Potions cannot restore your health.


Message History

Aiming: Vampiric Draining (safe; 1% risk of failure)
Press: ? - help, Shift-Dir - straight line, f/p - Snorg
Aim: Snorg (heavily wounded, berserk)
You draw life force from Snorg!
You feel life coursing into your body. Snorg bites you.
You block Snorg's attack. Snorg claws you! You block Snorg's attack.
Snorg claws you!! Snorg barely misses you.
Casting: Vampiric Draining (safe; 1% risk of failure)
Confirm with . or Enter, or press ? or * to list all spells.
Aiming: Vampiric Draining (safe; 1% risk of failure)
Press: ? - help, Shift-Dir - straight line, f/p - Snorg
Aim: Snorg (heavily wounded, berserk)
You draw life force from Snorg!
You feel life coursing into your body. Snorg closely misses you.
You block Snorg's attack. Snorg claws you.
Casting: Vampiric Draining (safe; 1% risk of failure)
Confirm with . or Enter, or press ? or * to list all spells.
Casting: Anguish (dangerous; 9% risk of failure)
Press: ? - help, Dir - look around, f - activate Snorg resists with almost no effort.
Snorg closely misses you. Snorg misses you. Snorg claws you!
* * * LOW HITPOINT WARNING * * *
Snorg misses you. Snorg claws you.
* * * LOW HITPOINT WARNING * * *
Snorg completely misses you.
Casting: Anguish (dangerous; 9% risk of failure)
Confirm with . or Enter, or press ? or * to list all spells.
You don't have enough magic to cast this spell.
You feel very mighty all of a sudden. Snorg bites you.
* * * LOW HITPOINT WARNING * * *
You block Snorg's attack. Snorg claws you.
* * * LOW HITPOINT WARNING * * *
You impale Snorg!!
Snorg is severely wounded.
You block Snorg's attack. Snorg closely misses you.
Snorg claws you but does no damage.
You barely miss Snorg. Your bite misses Snorg.
Snorg is severely wounded.
Snorg bites you!
You die...
Your body crumbles into a pile of gold.

.............# #.# #..
..####.#####.#######.#
#.. .........# #....#.#
#..
......)#.###.##.#....#
###
$...##.......##.#....# #
#........#!.###.#....# .
#.#.#......[###......# .#
#.#.#...........##.......
>## #
#.......###T@#........
#..###### #####.##....#
#..# ..# ##... ##.. ..#
... $ #.# .... $ ..


You could see Snorg (berserk).

Vanquished Creatures
  A two-headed ogre (D:7)
  Sonja (D:10)
  Maggie (D:10)
  A kobold demonologist (D:9)
  A troll (D:9)
  A shadow (D:9)
  A wraith (D:9)
  Eustachio (D:5)
  A steam dragon (D:7)
  2 wargs (D:8)
  Edmund (D:6)
  2 orc warriors
  An ice beast (D:8)
  2 sky beasts (D:7)
  A black bear (D:4)
  3 centaurs
  2 ogres
  A kobold brigand (D:9)
  4 bullfrogs
  A gnoll sergeant (D:8)
  A scorpion (D:5)
  8 wights
  A howler monkey (D:7)
  6 hounds
  2 jellies (D:5)
  4 orc priests
  A gnoll bouda (D:5)
  Jessica (D:3)
  3 iguanas
  Natasha (D:3)
  9 orc wizards
  Ijyb (D:3)
  9 gnolls
  9 adders
  A shadow imp (D:8)
  3 white imps
  An ufetubus (D:5)
  A worm (D:3)
  2 dart slugs
  22 orcs
  10 endoplasms
  4 giant cockroaches
  9 goblins
  7 hobgoblins
  2 jackals (D:3)
  10 quokkas
  5 ball pythons
  6 bats
  A frilled lizard (D:2)
  14 kobolds
  4 rats
187 creatures vanquished.

Vanquished Creatures (collateral kills)
  A ball python (D:1)
1 creature vanquished.

Vanquished Creatures (others)
  A human (D:9)
  A plant (D:3)
2 creatures vanquished.

Grand Total: 190 creatures vanquished

Notes
Turn   | Place    | Note
-------+----------+-------------------------------------------
     0 | D:1      | DeathPants the Vine Stalker Necromancer began the quest for
                  | the Orb.
     0 | D:1      | Reached XP level 1. HP: 9/9 MP: 4/4
   373 | D:1      | Reached XP level 2. HP: 9/14 MP: 1/6
   813 | D:1      | Reached skill level 1 in Fighting
   989 | D:2      | Reached XP level 3. HP: 9/18 MP: 6/8
  1120 | D:2      | Got Puxkame's Atlas of Infection and Reformation
  1251 | D:3      | Noticed Ijyb
  1888 | D:2      | Gained mutation: Your natural rate of healing is unusually
                  | fast. [Vine Stalker growth]
  1888 | D:2      | Reached XP level 4. HP: 17/22 MP: 9/9
  2043 | D:3      | Killed Ijyb
  2124 | D:3      | Learned a level 3 spell: Vampiric Draining
  2276 | D:3      | Found an iron altar of Okawaru.
  2474 | D:3      | Reached XP level 5. HP: 24/26 MP: 8/10
  2623 | D:3      | Found a shadowy altar of Dithmenos.
  2670 | D:3      | Found a white marble altar of Elyvilon.
  2670 | D:3      | Found a hazy altar of Hepliaklqana.
  2729 | D:3      | Noticed Jessica
  2732 | D:3      | Killed Jessica
  2935 | D:3      | Found a shimmering altar of Xom.
  2937 | D:3      | Found a basalt altar of Yredelemnul.
  2938 | D:3      | Found an opulent altar of Gozag.
  2944 | D:3      | Found a stormy altar of Qazlal.
  2957 | D:3      | Became a worshipper of Gozag Ym Sagoz the Greedy
  2986 | D:3      | Noticed Natasha
  2995 | D:3      | Killed Natasha
  3125 | D:4      | Reached skill level 5 in Necromancy
  3125 | D:4      | Reached XP level 6. HP: 29/31 MP: 8/12
  3316 | D:5      | Entered Level 5 of the Dungeon
  3580 | D:4      | Noticed a black bear
  3592 | D:4      | Killed a black bear
  3766 | D:4      | Found Sutyg's Antique Weapon Emporium.
  4060 | D:5      | Reached XP level 7. HP: 22/36 MP: 2/14
  4876 | D:5      | Found a large runed translucent door.
  4877 | D:5      | Found a large runed translucent door.
  4880 | D:5      | Noticed MachoJfn's ghost (novice HOMo)
  4921 | D:5      | Reached skill level 6 in Necromancy
  4972 | D:5      | Noticed Eustachio
  4984 | D:5      | Killed Eustachio
  4985 | D:5      | Gained mutation: You have razor-sharp teeth. [Vine Stalker
                  | growth]
  4985 | D:5      | Reached XP level 8. HP: 33/42 MP: 15/15
  5242 | D:6      | Noticed Edmund
  5266 | D:6      | Killed Edmund
  5267 | D:6      | Reached skill level 1 in Short Blades
  5301 | D:6      | Found a staircase to the Ecumenical Temple.
  5350 | Temple   | Entered the Ecumenical Temple
  5440 | D:6      | Learned a level 5 spell: Agony
  5850 | D:7      | Found Dulul's Antique Weapon Shop.
  6056 | D:7      | Noticed a two-headed ogre
  6064 | D:7      | Killed a two-headed ogre
  6065 | D:7      | Reached skill level 5 in Fighting
  6065 | D:7      | Reached skill level 5 in Spellcasting
  6065 | D:7      | Reached skill level 7 in Necromancy
  6065 | D:7      | Reached XP level 9. HP: 47/47 MP: 17/17
  6315 | D:7      | Reached skill level 5 in Short Blades
  7411 | D:8      | Found a staircase to the Lair.
  7467 | D:8      | Reached XP level 10. HP: 53/53 MP: 20/20
  7587 | D:8      | Found a runed translucent door.
  7587 | D:8      | Noticed MrSquiggles's ghost (novice MiFi)
  7784 | D:9      | Reached skill level 8 in Necromancy
  7997 | D:9      | Found Afeogyeng's Antique Weapon Emporium.
  8030 | D:10     | Entered Level 10 of the Dungeon
  8030 | D:10     | Noticed Sonja
  8047 | D:10     | Killed Sonja
  8291 | D:9      | Found a sacrificial altar of Ru.
  8327 | D:9      | Found an ancient bone altar of Kikubaaqudgha.
  8547 | D:9      | Noticed a kobold demonologist
  8557 | D:9      | Killed a kobold demonologist
  8586 | D:9      | Learned a level 4 spell: Anguish
  8603 | D:9      | Found a transporter.
  8606 | D:9      | Noticed a moth of wrath
  8607 | D:9      | Found a bloodstained altar of Trog.
  8612 | D:9      | Noticed BlueFish's ghost (novice OpWr)
  8618 | D:9      | Found a transporter.
  8619 | D:9      | Noticed a two-headed ogre
  8623 | D:9      | Noticed a tengu warrior
  8814 | D:10     | Found a glowing golden altar of the Shining One.
  8815 | D:10     | Noticed Maggie
  8833 | D:10     | Killed Maggie
  8867 | D:10     | Noticed Snorg
  9019 | D:10     | Mangled by Snorg

Illustrated notes

Levels and vault maps discovered:
D:1:      giann_bridges, layout_loops_ring
D:2:      layout_basic, chequers_hall_statues_wall_a
D:3:      minmay_evil_eye, layout_basic, mainiacjoe_overflow_alcove_3,
          gammafunk_temple_overflow_forgotten,
          mainiacjoe_overflow_concentric_impassable, minmay_surrounded,
          uniq_natasha, uniq_ijyb, uniq_jessica
D:4:      layout_loops_cross, serial_shops, nicolae_shop_behind_doors
D:5:      layout_loops_ring, gup_sewer_entry_pipe, ebering_ghost_disaster_area,
          uniq_eustachio
D:6:      nicolae_BIG_FREAKIN_CUBE, layout_rooms, temple_pool_b, st_stairs_5,
          uniq_edmund
D:7:      layout_cave_pods, serial_shops, shop,
          nicolae_concentric_dashed_squares_wild
D:8:      layout_loops_ring, erik_lair_orcish_takeover, gammafunk_ghost_grave
D:9:      layout_irregular_city, nicolae_ru_sacrificial_ziggurat,
          tgw_kikubaaqudgha, enter_bailey_3, gammafunk_ghost_wrathful_warriors,
          serial_shops, nicolae_lakefront_shop, grunt_ogre_cave
D:10:     layout_basic, nicolae_overflow_crystal_walls,
          mainiacjoe_overflow_small_starburst, serial_shops,
          nicolae_diamond_shop, uniq_snorg, uniq_sonja, uniq_psyche, uniq_maggie
Temple:   hellmonk_temple_micro_hex

Skill      XL: |  1  2  3  4  5  6  7  8  9 10 |
---------------+-------------------------------+-----
Fighting       | 1 2 3 4 5 6 |  6.8
Dodging        | 2 3 4 |  4.5
Spellcasting   | 3 4 5 6 |  6.5
Necromancy     | 5 6 7 8 |  8.3
Short Blades   | 4 5 7 |  7.4
Stealth        | 3 |  3.8
Hexes          | |  0.9

Action                     |  1- 3 |  4- 6 |  7- 9 | 10-12 || total
---------------------------+-------+-------+-------+-------++-------
  Melee: Dagger            |    43 |   117 |    71 |       ||   231
         Bite              |     9 |    30 |    82 |    31 ||   152
         Punch             |     1 |     3 |     4 |     1 ||     9
         Rapier            |       |       |   194 |   120 ||   314
  Throw: Dart              |       |     1 |       |       ||     1
   Cast: Necrotise         |    26 |    58 |    43 |     3 ||   130
         Vampiric Draining |       |       |       |     6 ||     6
         Agony             |       |       |       |     1 ||     1
         Anguish           |       |       |       |     1 ||     1
  Evoke: Wand              |       |       |     3 |       ||     3
    Use: Scroll            |       |    12 |    10 |     2 ||    24
         Potion            |       |       |       |     1 ||     1
   Stab: Sleeping          |       |     2 |     2 |     2 ||     6
         Distracted        |       |     1 |       |     1 ||     2
 Armour: Robe              |    11 |    29 |    43 |    19 ||   102
  Dodge: Dodged            |    28 |    60 |   148 |    87 ||   323
  Block: Other             |    15 |    29 |    52 |    30 ||   126
         Reflection        |       |       |     1 |     1 ||     2

Table legend: (Time is in decaauts)
 A = Elapsed time spent in this place.
 B = Non-inter-level travel time spent in this place.
 C = Inter-level travel time spent in this place.
 D = Time resting spent in this place.
 E = Time spent auto-exploring this place.
 F = Levels seen in this place.
 G = Mean time per level.
                   A        B        C        D        E       F      G
               +--------+--------+--------+--------+--------+-----+--------+
         Total |   8952 |   8677 |    275 |    375 |   5771 |  11 |  813.8 |
       Dungeon |   8950 |   8675 |    275 |    375 |   5771 |  10 |  895.0 |
        Temple |      1 |      1 |      0 |      0 |      0 |   1 |    1.0 |
               +--------+--------+--------+--------+--------+-----+--------+

Top non-repeatable levels by time:
     D:5: 1282 daAuts
     D:7: 1276 daAuts
     D:2: 1127 daAuts
     D:3: 1026 daAuts
     D:9: 1005 daAuts
     D:1: 918 daAuts
     D:4: 880 daAuts
     D:8: 724 daAuts
     D:6: 542 daAuts
    D:10: 166 daAuts
  Temple: 1 daAuts
